 Dungeon Sprint DCSS version 0.19-a0-376-gf780d9b (webtiles) character file.

11105 namelastname112 the Unseen (level 11, -12/90 HPs)
             Began as a Vampire Enchanter on May 30, 2016.
             Was an Elder of Dithmenos.
             Mangled by a spriggan berserker
             ... wielding a +1 whip of pain
              (29 damage)
             ... in the Dungeon (Sprint IV: "Fedhas' Mad Dash").
             The game lasted 00:07:32 (5472 turns).

namelastname112 the Unseen (Vampire Enchanter)      Turns: 5472, Time: 00:07:33

Health: -12/90     AC:  3    Str:  7    XL:     11   Next: 44%
Magic:  11/25      EV: 23    Int: 18    God:    Dithmenos [****..]
Gold:   89         SH:  0    Dex: 21    Spells: 6 memorised, 13 levels left

rFire  . . .     SeeInvis +     t - +4 quick blade
rCold  + . .     Gourm    .     k - -1 robe (curse)
rNeg   + + .     Faith    .     (no shield)
rPois  +         Spirit   .     (no helmet)
rElec  .         Dismiss  .     d - +1 cloak {+Inv}
rCorr  .         Reflect  .     (no gloves)
SustAt .         Harm     .     (no boots)
MR     +....     NoTele   +     (no amulet)
Stlth  ++++++++++               (no ring)
                                g - +3 ring of dexterity

@: regenerating slowly, wreathed by umbra, somewhat resistant to hostile
enchantments, uncannily stealthy
A: fangs 3, see invisible, unbreathing
a: Bat Form, Shadow Step, Renounce Religion, Evoke Invisibility


You were in the Dungeon.
You worshipped Dithmenos.
Dithmenos was greatly pleased with you.
You were very thirsty.

You visited 1 branch You collected 291 gold pieces.
You spent 202 gold pieces at shops.

Inventory:

Hand Weapons
 a - a +1 short sword of venom
 n - a +7 blowgun
 t - a +4 quick blade (weapon)
Armour
 b - a +1 robe
 d - a +1 cloak of invisibility (worn)
 k - a cursed -1 robe (worn)
 l - a cursed +0 buckler
Jewellery
 g - a +3 ring of dexterity (left hand)
Scrolls
 j - a scroll of immolation {unknown}
 o - a scroll of identify {unknown}
 q - a scroll of fog {unknown}
Potions
 e - a potion of curing
 h - a potion of magic
 i - a potion of flight {unknown}
 m - 2 potions of mutation {unknown}
 r - 2 potions of blood
Books
 c - a book of Maledictions

   Spells                             Type                      Level
   a - Corona                         Hexes                        1
   b - Ensorcelled Hibernation        Hexes/Ice                    2
   c - Confuse                        Hexes                        3
   d - Tukima's Dance                 Hexes                        3
   e - Dazzling Spray                 Conjuration/Hexes            3
 f - a book of the Tempests

   Spells                             Type                      Level
   a - Static Discharge               Conjuration/Air              3
   b - Lightning Bolt                 Conjuration/Air              5
   c - Fireball                       Conjuration/Fire             5
   d - Tornado                        Air                          9
   e - Shatter                        Earth                        9
 p - a book of Dreams

   Spells                             Type                      Level
   a - Ensorcelled Hibernation        Hexes/Ice                    2
   b - Silence                        Hexes/Air                    5
   c - Darkness                       Hexes                        6
   d - Shadow Creatures               Summoning                    6
 s - a book of Unlife

   Spells                             Type                      Level
   a - Recall                         Summoning/Translocation      3
   b - Animate Dead                   Necromancy                   4
   c - Control Undead                 Necromancy                   4
   d - Cigotuvi's Embrace             Necromancy                   5
   e - Death Channel                  Necromancy                   6
   f - Simulacrum                     Ice/Necromancy               6


   Skills:
 + Level 10.0 Fighting
 + Level 11.7 Short Blades
 + Level 11.9 Dodging
 + Level 17.0 Stealth
 + Level 10.4 Spellcasting
 + Level 16.0 Hexes
 + Level 10.0 Evocations


You had 13 spell levels left.
You knew the following spells:

 Your Spells              Type           Power        Failure   Level  Hunger
a - Tukima's Dance        Hex            ######..     1%          3    None
b - Corona                Hex            ######.      0%          1    None
c - Dazzling Spray        Conj/Hex       #####.       1%          3    None
d - Silence               Hex/Air        #####.....   10%         5    #####..
x - Confuse               Hex            ######..     1%          3    None
z - Ensorcelled Hibernat  Hex/Ice        #####.       1%          2    None


Dungeon Overview and Level Annotations

Branches:
Dungeon (1/1)

Altars:
Cheibriados
Dithmenos
Elyvilon
Gozag
Hepliaklqana
Kikubaaqudgha
Makhleb
Nemelex Xobeh
Okawaru
Pakellas
Qazlal
Ru
Sif Muna
Trog
Ukayaw
Vehumet
Xom
Yredelemnul
Zin
The Shining One
Beogh
Jiyva
Lugonu

Shops:
D }?:[%(*(=((


Innate Abilities, Weirdness & Mutations

You heal slowly.
You have razor-sharp teeth.
You have supernaturally acute eyesight. (SInv)
You can survive without breathing.


Message History

Confirm with . or Enter, or press ? or * to list all spells.
Aiming: Dazzling Spray
Press: ? - help, Shift-Dir - straight line, f/p - spriggan berserker
Aim: a spriggan berserker, wielding a whip of pain and wearing an animal skin (moderately wounded, berserk, fast, unusually strong, regenerating, umbra)
The spray of energy hits the spriggan berserker.
The spriggan berserker is heavily wounded.
The spriggan berserker hits you with a whip of pain!!
* * * LOW HITPOINT WARNING * * *
You take 33 damage, and have 17/90 hp.
MASSIVE DAMAGE!!
You now have 13/25 mp.
Casting: Dazzling Spray
Confirm with . or Enter, or press ? or * to list all spells.
Aiming: Dazzling Spray
Press: ? - help, Shift-Dir - straight line, f/p - spriggan berserker
Aim: a spriggan berserker, wielding a whip of pain and wearing an animal skin (heavily wounded, berserk, fast, unusually strong, regenerating, umbra)
The spray of energy misses the spriggan berserker.
Your shadow mimicks your spell!
The shadow shard hits the spriggan berserker.
The spriggan berserker closely misses you.
The spriggan berserker hits you with a whip of pain!!
You die...

#.....♣..♣..######♣♣♣♣♣..
##'####'######.)'......♣.
#..#....'.......#♣..♣♣♣.♣
#.)#.)###.......#.♣♣..♣..
#########################
#%%..............).....#
#∩.................(...##
#∩...................P.(.
#∩......@i...........P...
###########'#############
#..........# #.......P..#
###.P....### ###...##
#....# #...... #.......


You could see a spriggan berserker (berserk).

Vanquished Creatures
  Agnes (D)
  A ghost moth (D)
  A spriggan defender (D)
  A spriggan berserker (D)
  A spriggan druid (D)
  8 oklob plants (D)
  2 demonic crawlers (D)
  3 wandering mushrooms (D)
  3 burning bushes (D)
  A queen bee (D)
  2 wasps (D)
  2 scorpions (D)
  4 killer bees (D)
  5 oklob saplings (D)
  A worker ant (D)
  6 spriggans (D)
  A river rat (D)
  A rat (D)
  2 ballistomycetes (D)
  2 giant spores (D)
48 creatures vanquished.

Vanquished Creatures (others)
  2 bushes (D)
  A fungus (D)
3 creatures vanquished.

Grand Total: 51 creatures vanquished

Notes
Turn   | Place    | Note
--------------------------------------------------------------
     0 | D        | namelastname112 the Vampire Enchanter began the quest for the Orb.
     0 | D        | Reached XP level 1. HP: 13/13 MP: 3/3
    13 | D        | Reached skill level 5 in Stealth
    13 | D        | Reached XP level 2. HP: 19/19 MP: 5/5
   194 | D        | Learned a level 2 spell: Ensorcelled Hibernation
   196 | D        | Noticed an oklob sapling
   206 | D        | Reached skill level 7 in Stealth
   206 | D        | Reached XP level 3. HP: 25/25 MP: 7/7
   320 | D        | Learned a level 3 spell: Confuse
   323 | D        | Killed an oklob sapling
   323 | D        | Reached skill level 1 in Fighting
   323 | D        | Reached skill level 1 in Evocations
   352 | D        | Noticed an oklob sapling
   355 | D        | Killed an oklob sapling
   355 | D        | Reached skill level 8 in Stealth
   355 | D        | Reached XP level 4. HP: 33/33 MP: 7/9
   380 | D        | Noticed a queen bee
   387 | D        | Reached XP level 5. HP: 34/40 MP: 3/11
   389 | D        | Reached skill level 9 in Stealth
   414 | D        | Reached skill level 5 in Dodging
   430 | D        | Killed a queen bee
   430 | D        | Reached skill level 5 in Short Blades
   430 | D        | Reached skill level 10 in Stealth
   430 | D        | Reached skill level 5 in Spellcasting
   430 | D        | Reached skill level 10 in Hexes
   430 | D        | Reached XP level 6. HP: 34/49 MP: 8/14
  1112 | D        | Noticed a burning bush
  1116 | D        | Killed a burning bush
  1116 | D        | Reached skill level 5 in Fighting
  1116 | D        | Reached skill level 11 in Stealth
  1116 | D        | Reached XP level 7. HP: 56/56 MP: 15/15
  1132 | D        | Noticed an oklob plant
  1135 | D        | Killed an oklob plant
  1135 | D        | Reached skill level 5 in Evocations
  1135 | D        | Reached XP level 8. HP: 64/64 MP: 15/17
  1913 | D        | Found a snail-covered altar of Cheibriados.
  1913 | D        | Found a glowing silver altar of Zin.
  1913 | D        | Found a white marble altar of Elyvilon.
  1913 | D        | Found a hazy altar of Hepliaklqana.
  1914 | D        | Found a viscous altar of Jiyva.
  1914 | D        | Found a radiant altar of Vehumet.
  1914 | D        | Found a deep blue altar of Sif Muna.
  1914 | D        | Found a burning altar of Makhleb.
  1914 | D        | Found an oddly glowing altar of Pakellas.
  1914 | D        | Found an ancient bone altar of Kikubaaqudgha.
  1914 | D        | Found a bloodstained altar of Trog.
  1914 | D        | Found a corrupted altar of Lugonu.
  1914 | D        | Found a sacrificial altar of Ru.
  1915 | D        | Found a glowing golden altar of the Shining One.
  1915 | D        | Found a sparkling altar of Nemelex Xobeh.
  1916 | D        | Found a shadowy altar of Dithmenos.
  1917 | D        | Found an iron altar of Okawaru.
  1917 | D        | Found a hide-covered altar to Ukayaw.
  1917 | D        | Found a shimmering altar of Xom.
  1918 | D        | Found an opulent altar of Gozag.
  1919 | D        | Found a basalt altar of Yredelemnul.
  1919 | D        | Found a roughly hewn altar of Beogh.
  1921 | D        | Found a stormy altar of Qazlal.
  1925 | D        | Became a worshipper of Dithmenos the Shadowed
  1934 | D        | Reached skill level 12 in Stealth
  1987 | D        | Reached * piety under Dithmenos
  2285 | D        | Learned a level 3 spell: Tukima's Dance
  2289 | D        | Learned a level 3 spell: Dazzling Spray
  2296 | D        | Found Odwuf's Food Shop.
  2296 | D        | Found Ginloyth's Antique Armour Emporium.
  2304 | D        | Noticed a burning bush
  2304 | D        | Noticed a wandering mushroom
  2305 | D        | Noticed a wandering mushroom
  2307 | D        | Killed a wandering mushroom
  2309 | D        | Killed a burning bush
  2310 | D        | Killed a wandering mushroom
  2312 | D        | Reached skill level 13 in Stealth
  2312 | D        | Reached XP level 9. HP: 71/71 MP: 18/20
  2316 | D        | Found Durrea's Antique Weapon Shoppe.
  2317 | D        | Found Mavuras's Jewellery Emporium.
  2321 | D        | Bought a runed blowgun for 72 gold pieces
  2363 | D        | Noticed a burning bush
  2363 | D        | Noticed an oklob plant
  2364 | D        | Noticed a wandering mushroom
  2365 | D        | Killed a burning bush
  2376 | D        | Killed an oklob plant
  2383 | D        | Killed a wandering mushroom
  2547 | D        | Noticed a spriggan druid
  2549 | D        | Killed a spriggan druid
  2549 | D        | Reached ** piety under Dithmenos
  2549 | D        | Reached skill level 14 in Stealth
  2663 | D        | Noticed an oklob plant conjurer
  2665 | D        | Killed an oklob plant conjurer
  2780 | D        | Learned a level 5 spell: Silence
  3560 | D        | Noticed Agnes
  3563 | D        | Noticed an oklob plant
  3563 | D        | Noticed an oklob plant summoner
  3564 | D        | Noticed an oklob plant shifter
  4064 | D        | Killed an oklob plant
  4064 | D        | Reached XP level 10. HP: 36/80 MP: 13/22
  4068 | D        | Killed an oklob plant summoner
  4068 | D        | Reached skill level 10 in Dodging
  4071 | D        | Killed an oklob plant shifter
  4086 | D        | Noticed a spriggan rider
  4087 | D        | Found Dairroxo's Antique Weapon Emporium.
  4090 | D        | Reached skill level 10 in Short Blades
  4091 | D        | Found Haturur's Antique Weapon Shoppe.
  4093 | D        | Reached skill level 15 in Stealth
  4095 | D        | Killed a spriggan rider
  4095 | D        | Reached *** piety under Dithmenos
  4121 | D        | Bought a glowing dagger for 52 gold pieces
  4123 | D        | Bought a runed short sword for 78 gold pieces
  4254 | D        | Found Taed's Weapon Emporium.
  4254 | D        | Noticed a spriggan berserker
  4256 | D        | Found Cyqotiomn's Assorted Antiques.
  4259 | D        | Killed Agnes
  4266 | D        | HP: 2/83 [spriggan berserker/quarterstaff (32)]
  4269 | D        | Killed a spriggan berserker
  4269 | D        | Reached skill level 16 in Stealth
  4269 | D        | Reached skill level 15 in Hexes
  4269 | D        | Reached XP level 11. HP: 13/89 MP: 3/24
  4277 | D        | Noticed a spriggan defender
  4282 | D        | Killed a spriggan defender
  4282 | D        | Reached skill level 10 in Spellcasting
  4828 | D        | Noticed a spriggan rider
  5216 | D        | Noticed an oklob plant shifter
  5216 | D        | Noticed an oklob plant meteorologist
  5220 | D        | Killed an oklob plant meteorologist
  5231 | D        | Killed an oklob plant shifter
  5239 | D        | Noticed a ghost moth
  5242 | D        | Found Qitodiy's Book Emporium.
  5242 | D        | Found Poummysk's Magic Scroll Boutique.
  5242 | D        | Found Heivoyzy's Gadget Shoppe.
  5249 | D        | Killed a ghost moth
  5249 | D        | Reached **** piety under Dithmenos
  5255 | D        | Reached skill level 10 in Fighting
  5255 | D        | Reached skill level 17 in Stealth
  5255 | D        | Reached skill level 10 in Evocations
  5468 | D        | Noticed a spriggan berserker
  5472 | D        | Mangled by a spriggan berserker

Vault maps used:
D:        dungeon_sprint_fedhas

Skill      XL: |  1  2  3  4  5  6  7  8  9 10 11 |
---------------+----------------------------------+-----
Stealth        | 5 7 8 10 11 13 14 16 17 | 17.0
Hexes          | 6 7 8 10 11 12 13 15 16 | 16.0
Fighting       | 1 2 4 5 6 8 9 10 | 10.0
Dodging        | 3 4 6 7 8 9 11 | 11.9
Spellcasting   | 3 4 5 6 7 8 9 10 | 10.4
Evocations     | 1 2 4 5 6 7 9 10 | 10.0
Short Blades   | 2 3 5 6 8 9 10 11 | 11.7

Action                   |  1- 3 |  4- 6 |  7- 9 | 10-12 || total
-------------------------+-------+-------+-------+-------++-------
Melee: Dagger            |    11 |    22 |    53 |     7 ||    93
       Bite              |       |     3 |     5 |     4 ||    12
       Short sword       |       |       |       |     3 ||     3
       Quick blade       |       |       |       |    27 ||    27
 Cast: Confuse           |     1 |     2 |    13 |     1 ||    17
       Ensorcelled Hiber |       |     5 |       |       ||     5
       Dazzling Spray    |       |       |       |    18 ||    18
Invok: Shadow Step       |       |       |       |     1 ||     1
 Abil: Evoke Invisibilit |       |       |       |     1 ||     1
  Use: Potion            |     2 |     3 |     1 |     2 ||     8
       Scroll            |       |       |     1 |       ||     1
 Stab: Sleeping          |     2 |     4 |    11 |     7 ||    24
       Confused          |     1 |     4 |     8 |     3 ||    16
       Invisible         |       |       |       |     7 ||     7
Armor: Robe              |     1 |       |     2 |       ||     3
Dodge: Dodged            |     3 |    20 |    14 |    18 ||    55
